 Dungeon Crawl Stone Soup version 0.26-a0-663-g36e8fdb655 (webtiles) character file.

Game seed: 14099556541792736937

8 looop the Chiller (level 2, 19/19 HPs)
             Began as a Demonspawn Ice Elementalist on Oct 10, 2020.
             Quit the game on level 1 of the Dungeon.
             The game lasted 00:00:52 (1006 turns).

looop the Chiller (Demonspawn Ice Elementalist)     Turns: 1006, Time: 00:00:53

Health: 19/19      AC:  2    Str:  8    XL:     2   Next: 0%
Magic:  5/5        EV: 12    Int: 16    God:
Gold:   0          SH:  0    Dex: 13    Spells: 4/5 levels left

rFire    . . .     SeeInvis +   (no weapon)
rCold    . . .     Faith    .   (no shield)
rNeg     . . .     Spirit   .   a - +0 robe
rPois    .         Reflect  .   (no helmet)
rElec    .         Harm     .   (no cloak)
rCorr    .         Rampage  .   (no gloves)
MR       .....                  (no boots)
Stlth    ++........             (no amulet)
HPRegen  0.06/turn              f - ring of see invisible
MPRegen  0.09/turn              (no ring)

@: no status effects
A: spiny 1
a: no special abilities


You were on level 1 of the Dungeon.
You visited 1 branch of the dungeon, and saw 1 of its levels.

Inventory:

Armour
 a - a +0 robe (worn)
Jewellery
 f - a ring of see invisible (left hand)
Scrolls
 b - a scroll of noise {unknown}
 c - 4 scrolls of teleportation {unknown}
 d - a scroll of random uselessness {unknown}
 e - a scroll of remove curse {unknown}
 g - a scroll of identify {unknown}


   Skills:
 - Level 1.7 Dodging
 - Level 1.7 Stealth
 + Level 2.2 Spellcasting
 * Level 3.9 Ice Magic


You had 4 spell levels left.
You knew the following spells:

 Your Spells              Type           Power        Failure   Level
a - Freeze                Ice            ##..         4%          1

Your spell library contained the following spells:

 Spells                   Type           Power        Failure   Level
 Frozen Ramparts          Ice            ##....       12%         3
 Ozocubu's Armour         Ice            ##......     12%         3
 Hailstorm                Conj/Ice       #.......     65%         4
 Summon Ice Beast         Ice/Summ       #.......     65%         4


Dungeon Overview and Level Annotations

Branches:
Dungeon (1/15)

Altars:


Innate Abilities, Weirdness & Mutations

You are partially covered in sharp spines.


Message History

Confirm with . or Enter, or press ? or * to list all spells.
Aiming: Freeze (safe; 4% risk of failure)
Press: ? - help, Shift-Dir - straight line, f - rat
Aim: a rat You freeze the rat.
You kill the rat!
You have reached level 2!
Your demonic ancestry asserts itself...
Sharp spines emerge from parts of your body.
Key pressed, stopping explore.
c - 3 scrolls labeled EMNABULOIT (gained 1)
You open the door.
Found a hand axe.
There is an open door here.
c - 4 scrolls labeled EMNABULOIT (gained 1) As you open the door, it creaks loudly!
There is an open door here.
Found a short sword.
Found a leather armour.
Are you sure you want to abandon this character and quit the game? (Confirm with "yes".)

#+## ##...## # ###
##.....## #####.##.##
##.).....##
#...!..@..####.........#
.............'.........+
#)###.#...####.........#
#[##.## ##.......# # #.#
##.....## #.# ##...##
..# ##'## ### #.# #.#


There were no monsters in sight!

Vanquished Creatures
  5 bats (D:1)
  A hobgoblin (D:1)
  A kobold (D:1)
  A rat (D:1)
8 creatures vanquished.

Notes
Turn   | Place    | Note
-------+----------+-------------------------------------------
     0 | D:1      | looop the Demonspawn Ice Elementalist began the quest for
                  | the Orb.
     0 | D:1      | Reached XP level 1. HP: 13/13 MP: 3/3
   959 | D:1      | Gained mutation: You are partially covered in sharp spines.
                  | [demonic ancestry]
   959 | D:1      | Reached XP level 2. HP: 18/19 MP: 3/5
  1006 | D:1      | Quit the game

Illustrated notes

Levels and vault maps discovered:
D:1:      dpeg_chamrin_arrival_tetris, layout_loops_corners, minmay_cut_off

Action                   || total
-------------------------++-------
Melee: Unarmed           ||    51
 Cast: Freeze            ||    11
 Stab: Sleeping          ||     1
Armor: Robe              ||    41
Dodge: Dodged            ||    57

Table legend: (Time is in decaauts)
 A = Elapsed time spent in this place.
 B = Non-inter-level travel time spent in this place.
 C = Inter-level travel time spent in this place.
 D = Time resting spent in this place.
 E = Time spent auto-exploring this place.
 F = Levels seen in this place.
 G = Mean time per level.
                   A        B        C        D        E       F      G
               +--------+--------+--------+--------+--------+-----+--------+
         Total |   1005 |   1005 |      0 |     11 |    859 |   1 | 1005.0 |
       Dungeon |   1005 |   1005 |      0 |     11 |    859 |   1 | 1005.0 |
               +--------+--------+--------+--------+--------+-----+--------+

Top non-repeatable levels by time:
     D:1: 1005 daAuts
